 Dungeon Crawl Stone Soup version 0.26.0-16-gc1dbca0489 (webtiles) character file.

Game seed: 3045752338284212041

1283 Marvel the Cleaver (level 8, -1/106 HPs)
             Began as a Hill Orc Fighter on Jan 21, 2021.
             Was a Follower of Okawaru.
             Slain by Ijyb
             ... wielding a +0 dagger
              (4 damage)
             ... on level 5 of the Dungeon.
             The game lasted 00:09:59 (5398 turns).

Marvel the Cleaver (Hill Orc Fighter)               Turns: 5398, Time: 00:09:59

Health: -1/106     AC:  0    Str: 21    XL:     8   Next: 54%
Magic:  8/8        EV:  4    Int: 14    God:    Okawaru [*.....]
Gold:   301        SH:  9    Dex: 10    Spells: 7/7 levels left

rFire    . . .     SeeInvis .   a - +0 war axe
rCold    . . .     Faith    .   c - +0 kite shield
rNeg     . . .     Spirit   .   t - +0 plate armour
rPois    .         Reflect  .   (no helmet)
rElec    .         Harm     .   (no cloak)
rCorr    .         Rampage  .   (no gloves)
Will     +....                  (no boots)
Stlth    ..........             (no amulet)
HPRegen  0.27/turn              l - ring of willpower
MPRegen  0.11/turn              v - +6 ring of intelligence

@: berserking, corroded, very quick
A: no striking features
a: Renounce Religion, Heroism


You were on level 5 of the Dungeon.
You worshipped Okawaru.
Okawaru was aware of your devotion.
You visited 2 branches of the dungeon, and saw 6 of its levels.

You collected 301 gold pieces.

Inventory:

Hand Weapons
 a - a +0 war axe (weapon)
 r - a +1 dagger of venom
Missiles
 n - 11 boomerangs
 o - 11 poisoned darts (quivered)
Armour
 c - a +0 kite shield (worn)
 t - a +0 plate armour (worn)
Jewellery
 l - a ring of willpower (left hand)
 v - a +6 ring of intelligence (right hand)
Scrolls
 e - 2 scrolls of blinking {unknown}
 f - 6 scrolls of identify {unknown}
 g - 4 scrolls of magic mapping {unknown}
 h - 5 scrolls of teleportation {unknown}
 j - 2 scrolls of enchant armour {unknown}
 w - 2 scrolls of remove curse {unknown}
 x - a scroll of enchant weapon {unknown}
Potions
 d - a potion of might
 i - 2 potions of curing {unknown}
 k - 2 potions of flight {unknown}
 m - a potion of haste {unknown}
 p - a potion of lignification {unknown}
 q - a potion of degeneration {unknown}
 s - 3 potions of attraction {unknown}
 u - 2 potions of invisibility {unknown}


   Skills:
 + Level 6.7 Fighting
 + Level 10.2 Axes
 + Level 2.4 Throwing
 - Level 4.0 Armour
 - Level 0.6 Dodging
 - Level 4.1 Shields
 + Level 0.1 Invocations


You had 7 spell levels left.
You didn't know any spells.
Your spell library contained the following spells:

 Spells                   Type           Power        Failure   Level
 Beastly Appendage        Tmut           0%           100%        1
 Wereblood                Tmut           0%           100%        2
 Spider Form              Tmut/Pois      0%           100%        3
 Ice Form                 Ice/Tmut       0%           100%        4
 Blade Hands              Tmut           0%           100%        5


Dungeon Overview and Level Annotations

Branches:
Dungeon (5/15)             Temple (1/1) D:4

Altars:
Ashenzari
Cheibriados
Elyvilon
Fedhas
Gozag
Hepliaklqana
Kikubaaqudgha
Okawaru
Qazlal
Ru
Sif Muna
Trog
Uskayaw
Vehumet
Wu Jian
Xom
Yredelemnul
Zin
The Shining One

Shops:
D:4 *

Annotations:
D:3 2 transporters
D:5 Ijyb


Message History

The acid corrodes you!
You are splashed with acid!
* * * LOW HITPOINT WARNING * * *
Okay, then.
It was a potion of berserk rage.
A red film seems to cover your vision as you go berserk!
You feel yourself moving faster!
You feel mighty! You block Ijyb's attack.
You closely miss Ijyb. Ijyb hits you with a +0 dagger.
* * * LOW HITPOINT WARNING * * *
You hit Ijyb.
Ijyb is lightly wounded.
You block Ijyb's attack.
You slash Ijyb!
Ijyb is severely wounded.
You closely miss Ijyb.
Ijyb is severely wounded.
Ijyb barely misses you.
You closely miss Ijyb.
Ijyb is severely wounded.
Ijyb hits you with a +0 dagger.
You die...

#.# #.###.#
##.####.###.# #.#
#.# #.# #.# #.#
#.# #.# #.# #.#
##.## #.# #.#
###(########.# #.#
#...# #.# #.#
.##.##.[.....#
#.####...###.# #..
....##.#######
#.##.......#.#####
.(.....#
#.##...........# #
.#######
#.##.......#)#.###
.#
#@####...#........
.# #g#
#...#.#.##### .#
#.# #####..#.####
.# #.# #.###...#
.# ... #..#.##.#
.# ### #.#.###.#
#.### #.# #.# #.#
#.# #.#


You could see Ijyb.

Vanquished Creatures
  A troll (D:5)
  Prince Ribbit (D:5)
  A water moccasin (D:5)
  2 phantoms (D:5)
  2 scorpions
  A hound (D:4)
  2 orc priests
  2 orc wizards (D:4)
  Natasha (D:2)
  5 worker ants
  4 gnolls (D:4)
  5 adders
  2 shadow imps (D:5)
  A white imp (D:3)
  4 oozes
  2 adder skeletons (D:5)
  A worm (D:2)
  2 dart slugs
  4 leopard geckos
  13 orcs
  7 bats
  3 giant cockroaches
  5 goblins (D:2)
  8 hobgoblins
  8 jackals
  6 kobolds
  2 frilled lizards (D:2)
  A quokka zombie (D:5)
  6 rats
102 creatures vanquished.

Notes
Turn   | Place    | Note
-------+----------+-------------------------------------------
     0 | D:1      | Marvel the Hill Orc Fighter began the quest for the Orb.
     0 | D:1      | Reached XP level 1. HP: 19/19 MP: 1/1
   277 | D:1      | Reached XP level 2. HP: 23/27 MP: 2/2
   863 | D:2      | Reached skill level 3 in Axes
   892 | D:2      | Reached XP level 3. HP: 27/33 MP: 3/3
  1299 | D:2      | Noticed Natasha
  1556 | D:3      | Reached XP level 4. HP: 15/40 MP: 4/4
  1904 | D:3      | Found a transporter.
  1918 | D:3      | Found a transporter.
  2270 | D:3      | Reached skill level 4 in Axes
  2293 | D:3      | Reached XP level 5. HP: 47/47 MP: 5/5
  2855 | D:2      | Killed Natasha
  3104 | D:4      | Found Zayres's Assorted Antiques.
  3108 | D:4      | Reached skill level 5 in Axes
  3231 | D:4      | Reached XP level 6. HP: 45/55 MP: 6/6
  3344 | D:4      | Found a staircase to the Ecumenical Temple.
  3345 | D:4      | Reached skill level 6 in Axes
  3345 | D:4      | Reached skill level 1 in Throwing
  3372 | D:4      | Reached skill level 5 in Fighting
  3387 | Temple   | Entered the Ecumenical Temple
  3429 | Temple   | Became a worshipper of Warmaster Okawaru
  4058 | D:4      | Reached XP level 7. HP: 46/61 MP: 7/7
  4062 | D:4      | Reached skill level 7 in Axes
  4226 | D:5      | Entered Level 5 of the Dungeon
  4420 | D:5      | Noticed Prince Ribbit
  4565 | D:5      | Killed Prince Ribbit
  4565 | D:5      | Reached * piety under Okawaru
  4566 | D:5      | Reached skill level 8 in Axes
  4566 | D:5      | Found a bloodstained altar of Trog.
  4640 | D:5      | Reached skill level 9 in Axes
  4640 | D:5      | Reached XP level 8. HP: 65/70 MP: 8/8
  4744 | D:5      | Noticed a troll
  4969 | D:5      | Killed a troll
  5304 | D:5      | Reached skill level 10 in Axes
  5385 | D:5      | Noticed Ijyb
  5394 | D:5      | HP: 2/106 [Ijyb/+0 dagger (4)]
  5398 | D:5      | Slain by Ijyb

Illustrated notes

Levels and vault maps discovered:
D:1:      psy_arrival_whirlpool, layout_basic, hangedman_decor_lopped
D:2:      layout_basic, kennysheep_generic_room_2, uniq_natasha
D:3:      gammafunk_wand_slinger, layout_basic, serial_park_tiny_2
D:4:      layout_basic, minmay_temple_entry_arrows, serial_shops,
          nicolae_shop_statue_plus
D:5:      layout_loops_ring, trog_three_pillars_becter, uniq_ijyb,
          uniq_prince_ribbit1
Temple:   nicolae_temple_the_god_donut

Skill      XL: |  1  2  3  4  5  6  7  8 |
---------------+-------------------------+-----
Fighting       | 4 5 6 |  6.7
Axes           | 3 4 5 6 9 10 | 10.2
Shields        | 4 |  4.1
Armour         | 4 |  4.0
Throwing       | 1 2 |  2.4
Dodging        | |  0.6
Invocations    | |  0.1

Action                   |  1- 3 |  4- 6 |  7- 9 || total
-------------------------+-------+-------+-------++-------
Melee: War axe           |   104 |   133 |   143 ||   380
Throw: Dart              |       |    22 |     8 ||    30
Invok: Heroism           |       |       |     1 ||     1
  Use: Potion            |       |       |     1 ||     1
Armor: Scale mail        |    52 |    30 |       ||    82
       Plate armour      |       |    34 |    90 ||   124
Dodge: Dodged            |    33 |    26 |    20 ||    79
Block: Kite shield       |    58 |    77 |    78 ||   213
